Map: Acolyte LE

Players

Inciter - Winner!

  • Race: Protoss Protoss
  • League: Silver
  • Spawn Location: 7:00

A.I. 1 (Harder)

  • Race: Protoss Protoss
  • Spawn Location: 1:00

VOD

Have the link to the VOD?

Description

Time

  • Played on: Oct. 26, 2017, 12:21 a.m.
  • Length: 26:26
Show
View Real Time Build Order
Export as new Build Order

Inciter Protoss - Winner!

Build Orders:  

Get SALT Encoding   

  12  0:01  Probe (Chrono Boost)  
  13  0:16  Probe (Chrono Boost)  
  14  0:30  Pylon  
  14  0:32  Probe (Chrono Boost)  
  15  0:48  Probe (Chrono Boost), Gateway  
  16  0:55  Assimilator  
  16  0:59  Probe (Chrono Boost)  
  17  1:09  Probe (Chrono Boost)  
  18  1:20  Probe (Chrono Boost)  
  19  1:30  Probe (Chrono Boost)  
  20  1:42  Gateway  
  20  1:50  Cybernetics Core  
  20  2:01  Nexus  
  20  2:05  Pylon  
  20  2:24  Probe (Chrono Boost)  
  20  2:25  Pylon  
  21  2:35  Probe (Chrono Boost)  
  22  2:37  Stalker (Chrono Boost)  
  22  2:40  Warp Gate (Chrono Boost)  
  24  2:46  Probe  
  24  2:50  Assimilator  
  25  2:53  Pylon  
  27  2:58  Mothership Core  
  27  3:04  Stalker  
  29  3:15  Probe  
  29  3:19  Probe  
  31  3:26  Probe  
  31  3:31  Probe  
  33  3:36  Probe  
  33  3:39  Pylon  
  34  3:47  Stargate  
  34  3:57  Pylon  
  34  3:59  Probe  
  34  4:00  Probe  
  36  4:10  Pylon, Probe  
  36  4:13  Probe  
  36  4:14  Pylon  
  36  4:17  Pylon  
  38  4:20  Gateway, Probe  
  38  4:21  Gateway  
  39  4:25  Probe  
  39  4:31  Probe  
  41  4:42  Probe  
  41  4:43  Probe  
  43  4:47  Assimilator  
  43  4:52  Assimilator, Probe  
  43  4:55  Probe  
  43  4:56  Pylon  
  43  5:29  Oracle (Chrono Boost)  
  46  5:37  Probe x2  
  48  5:45  Stalker x3  
  48  5:49  Probe x2  
  56  6:01  Probe x2  
  54  6:11  Sentry  
  54  6:12  Sentry x2  
  54  6:28  Oracle (Chrono Boost)  
  57  6:46  Stalker x3  
  63  6:59  Oracle (Chrono Boost)  
  66  7:15  Gateway x2  
  66  7:16  Gateway  
  66  7:17  Gateway  
  66  7:22  Robotics Facility x2  
  66  7:32  Fleet Beacon  
  66  7:34  Twilight Council  
  66  7:45  Zealot x3  
  69  8:11  Oracle (Chrono Boost)  
  72  8:22  Dark Shrine  
  72  8:23  Stargate  
  72  8:26  Stargate  
  72  8:29  Pylon  
  72  8:34  Pylon  
  72  8:38  Pylon  
  72  8:40  Probe x2  
  74  8:42  Oracle (Chrono Boost)  
  77  8:50  Pylon  
  77  8:52  Probe x2  
  77  8:55  Stalker x6  
  85  8:56  Stalker  
  85  8:57  Nexus  
  85  8:59  Pylon x2  
  85  9:01  Pylon  
  93  9:05  Assimilator  
  93  9:08  Pylon  
  93  9:10  Assimilator  
  93  9:12  Pylon  
  93  9:13  Pylon  
  93  9:16  Void Ray (Chrono Boost)  
  101  9:17  Void Ray (Chrono Boost)  
  101  9:43  Sentry x2  
  101  9:44  Sentry  
  104  9:46  Stalker  
  106  9:54  Stalker x2  
  106  9:58  Zealot  
  92  10:15  Zealot x4  
  96  10:25  Stalker  
  96  10:26  Stalker x2  
  102  10:43  Nexus  
  102  10:45  Pylon  
  102  10:47  Pylon  
  102  10:49  Probe x2  
  104  10:51  Forge  
  104  10:55  Forge  
  104  11:01  Probe x2  
  106  11:13  Probe  
  107  11:22  Probe  
  107  11:25  Immortal x2, Probe  
  117  11:28  Void Ray (Chrono Boost)  
  122  11:34  Probe, Void Ray (Chrono Boost)  
  122  11:37  Probe  
  124  11:46  Probe  
  124  11:47  Oracle (Chrono Boost)  
  128  11:49  Probe  
  129  11:58  Probe  
  129  11:59  Sentry  
  129  12:00  Sentry  
  134  12:02  Stalker x2, Probe  
  134  12:03  Oracle (Chrono Boost)  
  134  12:04  Observer x2  
  144  12:10  Probe  
  144  12:12  Protoss Ground Weapons Level 1 (Chrono Boost)  
  144  12:14  Probe  
  146  12:22  Probe  
  146  12:24  Protoss Ground Armor Level 1 (Chrono Boost)  
  147  12:30  Stalker x3  
  147  12:35  Zealot  
  147  12:36  Zealot x3  
  132  13:54  Warp Prism  
  126  13:55  Void Ray  
  126  13:58  Immortal  
  126  14:01  Void Ray x2  
  138  14:04  Probe x3  
  141  14:16  Probe x3  
  141  14:30  Immortal  
  145  14:33  Void Ray  
  145  14:37  Immortal  
  149  14:44  Void Ray x2  
  161  14:59  Nexus  
  161  15:01  Protoss Ground Weapons Level 2 (Chrono Boost), Pylon  
  161  15:03  Pylon  
  161  15:06  Assimilator  
  161  15:07  Assimilator  
  161  15:08  Protoss Ground Armor Level 2 (Chrono Boost)  
  161  15:09  Immortal  
  161  15:11  Pylon  
  165  15:16  Void Ray  
  169  15:21  Immortal  
  173  15:33  Templar Archives  
  173  15:35  Robotics Bay  
  173  15:44  Pylon  
  173  15:47  Pylon  
  173  15:48  Immortal  
  177  15:53  Pylon  
  177  16:12  Charge (Chrono Boost)  
  177  16:15  Photon Cannon  
  177  16:16  Graviton Catapult  
  177  16:17  Photon Cannon  
  177  16:19  Photon Cannon  
  177  16:23  Pylon  
  177  16:46  Nexus  
  177  16:48  Pylon  
  177  16:50  Protoss Shields Level 1  
  177  16:51  Pylon  
  177  16:53  Assimilator  
  177  16:58  Assimilator  
  177  17:01  Pylon  
  177  17:26  Stalker  
  177  17:27  Stalker x3  
  177  17:28  Stalker x2  
  189  17:45  Stalker  
  191  17:56  Photon Cannon  
  191  17:58  Photon Cannon  
  191  18:07  Photon Cannon  
  191  18:08  Photon Cannon  
  191  18:09  Photon Cannon  
  189  18:12  Photon Cannon  
  189  18:15  Stalker x2  
  189  18:16  Stalker x3  
  189  18:17  Zealot x2, Photon Cannon  
  197  18:21  Photon Cannon  
  197  18:24  Photon Cannon  
  195  18:27  Pylon  
  195  18:37  Extended Thermal Lance (Chrono Boost)  
  195  18:38  Immortal  
  199  18:41  Psionic Storm  
  199  18:43  Protoss Ground Armor Level 3, Protoss Ground Weapons Level 3  
  199  18:47  Protoss Air Weapons Level 1 (Chrono Boost)  
  199  19:18  Photon Cannon  
  199  19:20  Photon Cannon  
  199  19:27  Photon Cannon  
  199  19:31  Photon Cannon  
  199  19:59  Photon Cannon  
  199  20:04  Photon Cannon  
  198  20:33  Stalker  
  200  20:41  Protoss Air Armor Level 1  
  150  20:57  Sentry x3  
  150  20:58  Sentry x3  
  150  20:59  Stalker  
  160  21:20  Protoss Shields Level 2  
  158  22:10  Stalker  
  158  22:11  Stalker x3  
  158  22:12  Stalker  
  166  22:20  Sentry  
  166  22:21  Sentry  
  168  22:37  Zealot x4  
  168  22:38  Zealot  
  178  22:59  Stalker x5  
  178  23:00  Stalker x2  
  184  23:35  Stalker x3  
  184  23:36  Stalker  
  190  24:23  Nexus  
  190  24:24  Nexus  
  190  24:25  Pylon  
  190  24:26  Assimilator  
  190  24:27  Assimilator  
  190  24:28  Pylon, Assimilator  
  190  24:30  Pylon  
  190  24:31  Assimilator  
  190  24:35  Pylon  
  190  24:38  Pylon  
  190  24:39  Pylon  
  190  24:55  Stalker  
  190  24:56  Stalker x4  
Show
View Real Time Build Order
Export as new Build Order

A.I. 1 (Harder) Protoss 

Build Orders:  

Get SALT Encoding   

  12  0:01  Probe (Chrono Boost)  
  13  0:11  Probe (Chrono Boost)  
  14  0:20  Pylon  
  14  0:22  Probe (Chrono Boost)  
  15  0:38  Probe (Chrono Boost)  
  16  0:47  Assimilator  
  16  0:49  Probe (Chrono Boost)  
  17  0:51  Gateway  
  17  0:59  Pylon, Probe (Chrono Boost)  
  18  1:10  Probe (Chrono Boost)  
  19  1:21  Probe (Chrono Boost)  
  20  1:36  Zealot  
  22  1:40  Cybernetics Core  
  22  1:43  Gateway  
  22  1:46  Assimilator  
  22  2:00  Pylon  
  22  2:12  Warp Gate  
  22  2:15  Adept  
  24  2:28  Zealot  
  26  2:40  Adept  
  28  2:50  Pylon  
  28  2:55  Adept  
  31  3:06  Probe (Chrono Boost), Adept  
  33  3:17  Probe (Chrono Boost)  
  34  3:21  Adept  
  34  3:22  Pylon  
  36  3:29  Probe (Chrono Boost)  
  36  3:33  Adept  
  39  3:36  Forge  
  39  3:41  Probe (Chrono Boost)  
  40  3:47  Stalker  
  40  3:52  Probe (Chrono Boost)  
  43  3:59  Adept  
  46  4:04  Probe (Chrono Boost)  
  46  4:27  Probe (Chrono Boost)  
  46  4:45  Protoss Ground Weapons Level 1  
  46  4:46  Stalker  
  46  4:48  Gateway  
  46  4:50  Pylon  
  48  4:54  Stalker  
  50  5:08  Stalker  
  52  5:15  Stalker  
  54  5:28  Pylon  
  54  5:29  Nexus  
  54  5:30  Stalker  
  56  5:36  Twilight Council  
  56  5:37  Sentry  
  58  5:52  Stalker  
  60  5:59  Stalker  
  60  6:07  Stalker  
  60  6:08  Blink  
  60  6:14  Stalker  
  54  6:22  Sentry  
  50  6:29  Zealot  
  50  6:32  Protoss Ground Armor Level 1  
  50  6:37  Adept  
  52  6:44  Probe (Chrono Boost)  
  52  6:45  Adept  
  55  6:49  Probe (Chrono Boost)  
  55  6:52  Zealot  
  58  6:56  Probe (Chrono Boost)  
  59  7:07  Robotics Facility  
  59  7:08  Probe (Chrono Boost)  
  60  7:12  Probe (Chrono Boost)  
  61  7:19  Probe (Chrono Boost)  
  63  7:23  Probe (Chrono Boost)  
  63  7:27  Photon Cannon  
  64  7:30  Probe (Chrono Boost)  
  64  7:34  Probe (Chrono Boost)  
  65  7:40  Photon Cannon  
  65  7:42  Pylon, Probe (Chrono Boost)  
  66  7:45  Probe (Chrono Boost)  
  67  7:52  Pylon  
  67  7:54  Observer, Probe (Chrono Boost)  
  67  7:56  Probe (Chrono Boost)  
  70  8:03  Stargate  
  71  8:05  Probe (Chrono Boost)  
  71  8:08  Forge, Probe (Chrono Boost)  
  72  8:13  Observer  
  72  8:17  Probe (Chrono Boost), Photon Cannon  
  74  8:22  Photon Cannon  
  74  8:37  Templar Archives  
  74  8:41  Gateway  
  74  8:45  Nexus  
  74  9:04  Assimilator  
  74  9:08  Stalker x2  
  74  9:10  Assimilator, Warp Prism  
  74  9:12  High Templar  
  78  9:19  Robotics Facility  
  78  9:20  High Templar  
  79  9:32  Gateway  
  75  9:39  Zealot  
  75  9:41  Stargate  
  75  9:43  Warp Prism  
  77  9:46  Zealot  
  79  9:54  Archon, High Templar  
  77  10:01  Warp Prism  
  77  10:03  Zealot  
  79  10:09  Assimilator  
  79  10:11  High Templar  
  73  10:17  Assimilator, Observer  
  73  10:18  Zealot  
  62  10:25  Stalker  
  64  10:32  Stalker  
  66  10:40  Probe (Chrono Boost)  
  67  10:42  Stargate  
  67  10:47  Sentry  
  69  10:54  Stalker  
  71  11:00  Probe (Chrono Boost)  
  71  11:01  Stalker  
  71  11:03  Probe (Chrono Boost)  
  75  11:06  Probe (Chrono Boost)  
  75  11:08  Sentry  
  79  11:11  Probe (Chrono Boost)  
  79  11:15  Probe (Chrono Boost), High Templar  
  79  11:17  Probe (Chrono Boost)  
  83  11:22  Probe (Chrono Boost)  
  83  11:23  High Templar  
  81  11:26  Oracle, Probe (Chrono Boost)  
  81  11:28  Probe (Chrono Boost)  
  83  11:34  Probe (Chrono Boost)  
  83  11:37  Probe (Chrono Boost)  
  83  11:39  Archon  
  86  11:40  Probe (Chrono Boost)  
  86  11:42  High Templar  
  86  11:46  Probe (Chrono Boost)  
  89  11:48  Probe (Chrono Boost)  
  89  11:51  Archon, Probe (Chrono Boost)  
  89  11:53  High Templar  
  93  11:57  Probe (Chrono Boost)  
  93  11:59  Probe (Chrono Boost)  
  95  12:01  High Templar  
  95  12:02  Probe (Chrono Boost)  
  95  12:08  Probe (Chrono Boost)  
  99  12:09  Archon  
  99  12:11  Probe (Chrono Boost), High Templar  
  99  12:14  Probe (Chrono Boost)  
  103  12:19  Probe (Chrono Boost)  
  103  12:20  Pylon, High Templar  
  107  12:22  Probe (Chrono Boost)  
  107  12:25  Probe (Chrono Boost)  
  107  12:26  Protoss Ground Weapons Level 2  
  107  12:29  High Templar  
  111  12:31  Probe (Chrono Boost)  
  111  12:33  Probe (Chrono Boost)  
  111  12:36  Probe (Chrono Boost)  
  113  12:42  Probe (Chrono Boost)  
  113  12:43  Pylon, Void Ray  
  115  12:44  Probe (Chrono Boost)  
  115  12:47  Probe (Chrono Boost)  
  120  12:52  Void Ray  
  124  13:08  Pylon, Nexus  
  124  13:12  Robotics Bay  
  122  13:34  Pylon  
  120  13:39  Fleet Beacon  
  120  13:42  Zealot  
  120  13:48  Zealot  
  109  13:53  Zealot  
  91  13:58  Zealot  
  85  14:03  Stalker  
  85  14:07  Colossus  
  85  14:08  High Templar  
  85  14:09  Observer  
  96  14:18  Carrier, Sentry  
  104  14:28  Assimilator  
  104  14:29  Stalker, Observer  
  104  14:30  Assimilator  
  107  14:34  Stalker  
  109  14:39  Sentry  
  109  14:44  Archon  
  111  14:52  High Templar  
  111  14:54  Probe x2 (Chrono Boost)  
  112  15:01  Probe (Chrono Boost)  
  112  15:04  Protoss Ground Armor Level 2, High Templar  
  112  15:05  Probe x2 (Chrono Boost)  
  114  15:13  Probe (Chrono Boost)  
  111  15:16  Probe (Chrono Boost)  
  111  15:17  Probe (Chrono Boost)  
  113  15:24  Archon, Probe (Chrono Boost)  
  113  15:28  Probe (Chrono Boost)  
  115  15:30  High Templar  
  115  15:31  Nexus  
  115  15:33  Assimilator  
  117  15:44  High Templar  
  119  15:51  Pylon  
  119  15:53  Pylon  
  119  15:55  Archon  
  119  15:58  High Templar  
  121  16:13  High Templar  
  121  16:15  Photon Cannon  
  121  16:16  Photon Cannon  
  121  16:18  Immortal  
  127  16:28  Phoenix  
  129  16:41  Disruptor  
  132  16:49  Stalker  
  134  16:54  Stalker  
  134  16:59  Stalker  
  138  17:04  Stalker  
  138  17:06  Pylon  
  140  17:09  Pylon, Adept  
  140  17:11  Immortal  
  146  17:16  Phoenix, Colossus  
  148  17:23  Disruptor  
  148  17:29  Photon Cannon  
  147  17:32  Photon Cannon  
  135  17:43  Nexus  
  135  17:44  Carrier  
  135  17:47  Observer  
  136  17:54  Protoss Shields Level 1  
  136  17:57  Observer  
  143  18:16  Zealot  
  131  18:21  Zealot  
  131  18:26  Zealot  
  109  18:31  Zealot  
  111  18:36  Stalker  
  113  18:42  Stalker  
  113  18:47  Stalker  
  117  18:52  Sentry  
  119  18:57  Observer Gravitic Boosters, Sentry  
  119  19:02  High Templar  
  123  19:05  Assimilator, Protoss Air Weapons Level 1  
  123  19:07  High Templar  
  125  19:10  Pylon  
  125  19:11  Pylon  
  125  19:19  Assimilator  
  125  19:23  Archon, High Templar  
  127  19:30  High Templar  
  129  19:40  Photon Cannon  
  129  19:41  Protoss Shields Level 2  
  129  19:43  Photon Cannon  
  129  19:45  Protoss Ground Weapons Level 3  
  129  19:48  Archon  
  129  19:49  Gravitic Drive  
  129  20:09  Colossus  
  135  20:17  Adept  
  135  20:19  Colossus  
  137  20:25  Probe x3 (Chrono Boost)  
  137  20:27  Probe (Chrono Boost)  
  140  20:33  Void Ray  
  140  20:35  Probe (Chrono Boost)  
  136  20:37  Probe x2 (Chrono Boost)  
  136  20:38  Mothership Core (Chrono Boost)  
  136  20:43  Stalker  
  136  20:46  Probe (Chrono Boost)  
  136  20:48  Stalker, Probe (Chrono Boost)  
  136  20:49  Stalker, Zealot  
  129  20:50  Stalker, Probe (Chrono Boost)  
  129  20:54  Protoss Air Armor Level 1  
  88  20:58  Probe (Chrono Boost)  
  88  20:59  Photon Cannon  
  85  21:04  Observer  
  85  21:05  Zealot  
  85  21:06  Probe x3 (Chrono Boost)  
  85  21:09  Zealot, Probe (Chrono Boost)  
  85  21:11  Stalker, Zealot  
  97  21:13  Stalker, Observer  
  97  21:18  Probe (Chrono Boost)  
  101  21:21  Void Ray  
  101  21:23  Nexus  
  101  21:25  Stalker  
  90  21:27  Assimilator, Void Ray  
  90  21:28  Zealot, Assimilator  
  90  21:29  Zealot  
  64  21:33  Sentry  
  64  21:35  Zealot  
  64  21:36  Probe x3 (Chrono Boost)  
  65  21:44  Void Ray  
  70  21:47  Stalker, Zealot, Probe (Chrono Boost)  
  70  21:48  Stalker, Probe (Chrono Boost)  
  70  21:53  Probe (Chrono Boost)  
  74  21:55  Stalker  
  74  21:56  Zealot  
  74  21:59  Probe (Chrono Boost)  
  74  22:00  Probe (Chrono Boost)  
  74  22:07  Zealot  
  71  22:10  Stalker  
  71  22:11  Stalker  
  71  22:15  Observer  
  75  22:16  Zealot, Adept  
  51  22:25  Zealot  
  47  22:30  Zealot  
  47  22:33  Zealot  
  47  22:35  Zealot x2  
  48  22:38  Zealot  
  41  22:45  Zealot  
  41  22:49  Zealot, Mothership Core (Chrono Boost)  
  36  22:52  Nexus  
  36  22:53  Stalker  
  33  23:00  Assimilator  
  33  23:02  Pylon  
  31  23:11  Mothership Core (Chrono Boost)  
  23  23:28  Pylon  
  23  23:31  Pylon  
  20  23:45  Pylon  
  14  24:21  Pylon, Nexus  
  6  25:01  Probe (Chrono Boost)  
  3  25:11  Probe (Chrono Boost)  
  1  25:36  Probe (Chrono Boost)  
  1  25:46  Probe (Chrono Boost)  
  2  25:57  Probe (Chrono Boost)  
Tags
 
League
Silver
Matchup
PvP
Spawn Locations
Cross Positions
Add a new tag
Caveats
  • Supply blocks, unpowered buildings, or Contaminate may cause inaccurate times.
  • Supply counts are checked every 10 seconds.